AoeStats
← Ux'RaúlME

Arabia

509027921Analyzed
1v1 RM · 8d ago on Sep 25, 2026· 39m 34s· 2 players
Game mode
Random Map
Map size
Tiny (2 player)
Population
200
Speed
Normal
Resources
Standard
Victory
Conquest
Starting age
Dark Age
Ending age
Imperial Age
RankedLock teamsTeams togetherTeam positionsShared explorationLock speedFull tech treeHidden civsTurbo modeCheats
Victory
Defeat
🇺🇸 Slavs · United States
1426
+13
🇲🇽 Magyars · Mexico
1371
-13
Ux'RaúlME
6:12 Loom
9:22 Feudal Age
10:15 Double-Bit Axe
21:24 Castle Age
19:38 Horse Collar
20:21 Bloodlines
22:49 Husbandry
29:33 Bow Saw
29:26 Heavy Plow
30:09 Wheelbarrow
34:52 Murder Holes
37:34 Imperial Age
legolas27
7:37 Loom
9:54 Feudal Age
10:10 Man-at-Arms
10:45 Double-Bit Axe
16:31 Horse Collar
18:36 Wheelbarrow
22:09 Castle Age
22:09 Scale Mail Armor
22:26 Forging
22:17 Scale Mail Armor
22:12 Long Swordsman
22:40 Pikeman
24:26 Bow Saw
28:25 Chain Mail Armor
29:38 Gold Mining
29:42 Stone Mining
30:20 Town Watch
30:49 Squires
33:12 Iron Casting
34:13 Long Swordsman
39:23 Imperial Age
39:26 Two-Handed Swordsman
40:38 Plate Mail Armor
39:32 Capped Ram
Connection lost

Rejoining the realm…

Still unreachable

The connection could not be restored.

Session expired

The server has moved on; the page needs a fresh start.